 Dungeon Crawl Stone Soup version 0.26-a0-844-g3dd439832f (webtiles) character file.

Game seed: 18203481698600779040

13009 Sun the Cleaver (level 11, -11/89 HPs)
             Began as a Demonspawn Gladiator on Nov 18, 2020.
             Was a High Priest of Okawaru.
             Mangled by an ice devil (21 damage)
             ... summoned by the player character
             ... on level 10 of the Dungeon.
             The game lasted 00:16:32 (15056 turns).

Sun the Cleaver (Demonspawn Gladiator)             Turns: 15056, Time: 00:16:32

Health: -11/89     AC: 16    Str: 19    XL:     11   Next: 69%
Magic:  15/15      EV:  7    Int: 12    God:    Okawaru [*****.]
Gold:   756        SH:  0    Dex: 14    Spells: 10/10 levels left

rFire    . . .     SeeInvis +   v - +14 obsidian axe {vorpal, +Fly SInv *Curse} (curse)
rCold    . . .     Faith    .   (no shield)
rNeg     . . .     Spirit   .   L - +0 plate armour
rPois    .         Reflect  .   c - +0 helmet
rElec    .         Harm     .   (no cloak)
rCorr    .         Rampage  .   (no gloves)
MR       +....                  (boots unavailable)
Stlth    ..........             G - amulet "Kufauhin" {Acrobat +Inv Int+3}
HPRegen  0.24/turn              n - ring of protection from magic
MPRegen  0.14/turn              x - ring of see invisible

@: lethally poisoned (-11 -> -11), mesmerised, studying Invocations, lightly
drained
A: talons 3, low mp 1, powered by pain 2, rot immunity, sharp scales 2
a: Heroism, Finesse, Renounce Religion, Evoke Invisibility, Evoke Flight


You were on level 10 of the Dungeon.
You worshipped Okawaru.
Okawaru was extremely pleased with you.
You visited 2 branches of the dungeon, and saw 13 of its levels.

You collected 756 gold pieces.

Inventory:

Hand Weapons
 v - the cursed +14 obsidian axe (weapon) {vorpal, +Fly SInv *Curse}
   (You acquired it on level 11 of the Dungeon)

   It inflicts extra damage upon your enemies.
   It lets you see invisible.
   It lets you fly.
   It curses itself when equipped.
   It has a curse placed upon it.
 Q - a +1 hand axe of freezing
Missiles
 d - 4 throwing nets
 i - 3 silver boomerangs
 w - 12 boomerangs (quivered)
Armour
 c - a +0 helmet (worn)
 L - a +0 plate armour (worn)
Jewellery
 m - an uncursed ring of protection from fire
 n - a ring of protection from magic (left hand)
 o - an uncursed ring of positive energy
 x - a ring of see invisible (right hand)
 C - an uncursed ring of protection from fire
 G - the amulet "Kufauhin" (around neck) {Acrobat +Inv Int+3}
   (You found it on level 7 of the Dungeon)

   [amulet of the acrobat]

   It helps you evade while moving and waiting.
   It affects your intelligence (+3).
   It lets you turn invisible.
Wands
 D - a wand of polymorph (11)
 H - a wand of acid (11)
 K - a wand of disintegration (33)
 M - a wand of random effects (15)
 S - a wand of digging (6)
Scrolls
 b - 2 scrolls of fog
 f - 2 scrolls of identify
 g - 6 scrolls of teleportation
 h - a scroll of immolation {unknown}
 l - 4 scrolls of fear
 r - 8 scrolls of remove curse
 t - a scroll of enchant armour {unknown}
 y - 2 scrolls of blinking {unknown}
 A - 4 scrolls of magic mapping
 B - 2 scrolls of amnesia
 J - 2 scrolls of summoning {unknown}
 N - a scroll of noise {unknown}
 R - 2 scrolls of enchant weapon {unknown}
Potions
 e - 2 potions of cancellation {unknown}
 j - 3 potions of degeneration
 k - a potion of flight {unknown}
 p - 2 potions of might {unknown}
 q - 2 potions of lignification {unknown}
 s - 2 potions of heal wounds {unknown}
 u - a potion of invisibility
 z - a potion of haste {unknown}
 E - 3 potions of magic
 F - a potion of curing
 I - a potion of mutation {unknown}
Books
 T - a manual of Invocations
Miscellaneous
 O - a box of beasts


   Skills:
 + Level 9.3(9.1) Fighting
 * Level 11.9(11.6) Axes
 - Level 1.7(1.5) Throwing
 + Level 8.2(8.0) Armour
 - Level 2.6(2.5) Dodging
 + Level 8.4(8.2) Invocations


You had 10 spell levels left.
You didn't know any spells.
Your spell library contained the following spells:

 Spells                   Type           Power        Failure   Level
 Animate Skeleton         Necr           #.....       100%        1
 Apportation              Tloc           #.....       100%        1
 Corona                   Hex            #......      100%        1
 Summon Small Mammal      Summ           #...         100%        1
 Confusing Touch          Hex            #.......     100%        3
 Gell's Gravitas          Tloc           #.........   100%        3
 Cause Fear               Hex            #.........   100%        4
 Petrify                  Tmut/Erth      #.......     100%        4
 Metabolic Englaciation   Hex/Ice        #.........   100%        5
 Silence                  Hex/Air        #.........   100%        5
 Yara's Violent Unravell  Hex/Tmut       #.........   100%        5
 Discord                  Hex            #.........   100%        8


Dungeon Overview and Level Annotations

Branches:
Dungeon (12/15)            Temple (1/1) D:7            Lair (0/6) D:8
    Orc (0/2) D:10

Altars:
Ashenzari
Cheibriados
Dithmenos
Elyvilon
Fedhas
Gozag
Hepliaklqana
Kikubaaqudgha
Makhleb
Nemelex Xobeh
Okawaru
Qazlal
Ru
Sif Muna
Trog
Uskayaw
Vehumet
Wu Jian
Xom
Yredelemnul
Zin
The Shining One

Shops:
D:6 [   D:8 (   D:11 *

Annotations:
D:9 2 transporters


Innate Abilities, Weirdness & Mutations

You have claws for feet.
You sometimes gain power by taking damage.
You are immune to rotting.
You are mostly covered in razor-sharp scales. (AC +2, Slay +2)
Your magical capacity is low. (-10% MP)


Message History

Your ufetubus barely misses the yak.
Your ufetubus closely misses the yak.
Your ufetubus hits the yak.
Your ufetubus closely misses the yak.
The yak gores your ufetubus.
Your ufetubus dies!
The ice devil hits you! The ice devil freezes you!
* * * LOW HITPOINT WARNING * * *
Unknown command.
You slash the ice devil!
You claw the ice devil, but do no damage.
The ice devil is heavily wounded.
You feel sick.
Your ufetubus hits the yak but does no damage.
Your ufetubus barely misses the yak.
Your ufetubus hits the yak.
Your ufetubus hits the yak but does no damage.
Your ynoxinul hits the yak. The yak gores your ynoxinul.
Your ufetubus barely misses the yak.
Your ufetubus hits the yak. The ice devil hits you!
* * * LOW HITPOINT WARNING * * *
The ice devil freezes you!!
You die...

..#...#...>.........##.......##.3
#.....#..........♣...#........#..
##............P.P................
##..........P...P...............
#.###......P.⌠.P...............
....##.##...P...P........#......
.............P.P................
#.........♣....................
..............@4...............
.###...###...)5)...#........##.
#.........#555(††.#.#####
....#.......3Y##(##...!.
...##.....#.$.#### #.#..
...#....###..## # .. ...#. #....
#..# ....... #. ###.....#


You could see an ice devil (summoned, mesmerising), a yak, a friendly ynoxinul
(summoned) and 4 friendly ufetubi.

Vanquished Creatures
  A two-headed ogre (D:11)
  An unseen horror (D:12)
  An ugly thing (D:11)
  2 manticores (D:11)
  A centaur skeleton (D:11)
  A troll (D:11)
  A hornet (D:11)
  A shadow (D:10)
  11 yaks
  A water moccasin (D:8)
  6 orc warriors
  4 ice beasts
  3 phantoms
  5 sky beasts
  4 black bears
  6 ogres
  2 necrophages
  11 centaurs
  Blork the orc (D:6)
  9 bullfrogs
  5 scorpions
  2 troll zombies (D:10)
  16 killer bees (D:10)
  21 wights
  6 howler monkeys
  A bullfrog zombie (D:6)
  3 jellies
  A centaur zombie (D:7)
  9 orc wizards
  8 orc priests
  2 bullfrog skeletons
  8 hounds
  Jessica (D:2)
  5 iguanas
  2 ogre zombies (D:10)
  2 hound zombies (D:10)
  A hound skeleton (D:5)
  A howler monkey zombie (D:5)
  13 adders
  5 shadow imps
  3 white imps
  2 ufetubi
  2 oozes
  3 adder zombies
  An adder skeleton (D:4)
  3 dart slugs
  3 leopard geckos
  39 orcs
  3 bats
  13 giant cockroaches
  7 goblins
  3 hobgoblins
  21 jackals
  4 kobolds
  5 quokkas
  A ball python (D:7)
  7 frilled lizards
  2 goblin skeletons (D:10)
  A hobgoblin zombie (D:10)
  A jackal skeleton (D:6)
  A jackal zombie (D:7)
  4 orc skeletons (D:10)
  6 orc zombies (D:10)
  A quokka zombie (D:6)
  12 rats
332 creatures vanquished.

Vanquished Creatures (collateral kills)
  A queen bee (D:10)
  A scorpion (D:10)
  2 troll zombies (D:10)
  8 killer bees (D:10)
  2 ogre zombies (D:10)
  3 orcs (D:10)
  2 goblin zombies (D:10)
  3 hobgoblin skeletons (D:10)
  2 hobgoblin zombies (D:10)
  An orc skeleton (D:10)
  4 orc zombies (D:10)
29 creatures vanquished.

Vanquished Creatures (others)
  2 water moccasins (D:8)
  A black bear (D:8)
  An orc (D:5)
  42 fungi (D:8)
  48 plants
94 creatures vanquished.

Grand Total: 455 creatures vanquished

Notes
Turn   | Place    | Note
-------+----------+-------------------------------------------
     0 | D:1      | Sun the Demonspawn Gladiator began the quest for the Orb.
     0 | D:1      | Reached XP level 1. HP: 16/16 MP: 1/1
   450 | D:1      | Reached skill level 3 in Axes
   454 | D:1      | Gained mutation: You sometimes gain a little power by
                  | taking damage. [demonic ancestry]
   454 | D:1      | Reached XP level 2. HP: 22/22 MP: 2/2
  1024 | D:2      | Reached skill level 1 in Armour
  1024 | D:2      | Gained mutation: You have sharp toenails. [demonic
                  | ancestry]
  1024 | D:2      | Reached XP level 3. HP: 16/28 MP: 3/3
  1954 | D:2      | Noticed Jessica
  1961 | D:2      | Killed Jessica
  1962 | D:2      | Gained mutation: You are partially covered in razor-sharp
                  | scales. (AC +1, Slay +1) [demonic ancestry]
  1962 | D:2      | Reached XP level 4. HP: 34/34 MP: 4/4
  2291 | D:3      | Reached skill level 4 in Axes
  2472 | D:3      | Gained mutation: You sometimes gain power by taking damage.
                  | [demonic ancestry]
  2472 | D:3      | Reached XP level 5. HP: 39/41 MP: 5/5
  3529 | D:4      | Noticed an ogre
  3534 | D:4      | Killed an ogre
  3535 | D:4      | Gained mutation: You are mostly covered in razor-sharp
                  | scales. (AC +2, Slay +2) [demonic ancestry]
  3535 | D:4      | Reached XP level 6. HP: 20/47 MP: 6/6
  3904 | D:4      | Reached skill level 5 in Axes
  4138 | D:5      | Entered Level 5 of the Dungeon
  4394 | D:5      | Gained mutation: You have razor-sharp toenails. [demonic
                  | ancestry]
  4394 | D:5      | Reached XP level 7. HP: 14/54 MP: 7/7
  4627 | D:5      | Found a transporter.
  5295 | D:5      | Reached skill level 6 in Axes
  5627 | D:5      | Found a transporter.
  6064 | D:6      | Gained mutation: You have claws for feet. [demonic
                  | ancestry]
  6064 | D:6      | Reached XP level 8. HP: 49/61 MP: 8/8
  6131 | D:6      | Reached skill level 5 in Fighting
  6347 | D:6      | Found Kuq Ycwu's Armour Shoppe.
  6381 | D:6      | Reached skill level 7 in Axes
  6966 | D:6      | Noticed Blork the orc
  6972 | D:6      | Killed Blork the orc
  7182 | D:7      | Reached skill level 5 in Armour
  7187 | D:7      | Reached skill level 8 in Axes
  7319 | D:7      | Gained mutation: You are immune to rotting. [demonic
                  | ancestry]
  7319 | D:7      | Reached XP level 9. HP: 39/69 MP: 9/9
  7755 | D:7      | Reached skill level 9 in Axes
  8067 | D:7      | Got a clouded emerald amulet
  8068 | D:7      | Identified the amulet "Kufauhin" {Acrobat +Inv Int+3} (You
                  | found it on level 7 of the Dungeon)
  8298 | D:7      | Found a staircase to the Ecumenical Temple.
  8325 | Temple   | Entered the Ecumenical Temple
  8427 | Temple   | Became a worshipper of Warmaster Okawaru
  8793 | D:8      | Reached skill level 1 in Invocations
  9492 | D:8      | Reached XP level 10. HP: 55/79 MP: 11/11
  9522 | D:8      | Reached * piety under Okawaru
  9682 | D:8      | Found a broken altar of Ashenzari.
  9700 | D:8      | Found a staircase to the Lair.
  9884 | D:8      | Found Finudd's Antique Weapon Shop.
  9983 | D:8      | Reached skill level 10 in Axes
 10324 | D:8      | Found a sparkling altar of Nemelex Xobeh.
 10728 | D:9      | Reached ** piety under Okawaru
 11167 | D:9      | You fall into a shaft and drop 3 floors!
 11248 | D:12     | Noticed an unseen horror
 11260 | D:12     | Killed an unseen horror
 11260 | D:12     | Reached *** piety under Okawaru
 11260 | D:12     | Received a gift from Okawaru
 11261 | D:12     | Reached skill level 5 in Invocations
 11333 | D:11     | Paralysed by a hornet for 2 turns
 11340 | D:11     | HP: 4/81 [hornet (8)]
 11858 | D:11     | Noticed a manticore
 11874 | D:11     | Killed a manticore
 12499 | D:11     | Noticed a manticore
 12504 | D:11     | Killed a manticore
 12505 | D:11     | Reached skill level 11 in Axes
 12505 | D:11     | Reached XP level 11. HP: 49/87 MP: 15/15
 12709 | D:11     | Noticed a green ugly thing
 12729 | D:11     | Killed a green ugly thing
 12936 | D:11     | Found Locoytzy's Assorted Antiques.
 13275 | D:10     | Entered Level 10 of the Dungeon
 13275 | D:10     | Noticed a two-headed ogre
 13287 | D:11     | Killed a two-headed ogre
 13287 | D:11     | Reached **** piety under Okawaru
 13824 | D:11     | Identified 2 scrolls of acquirement
 13825 | D:11     | Acquired the +14 obsidian axe {vorpal, +Fly SInv *Curse}
 13826 | D:11     | Found the +14 obsidian axe {vorpal, +Fly SInv *Curse}
 13826 | D:11     | Acquired a manual of Invocations
 13875 | D:10     | Found the +9 heavy crossbow "Sniper" {vorpal, Acc+∞ SInv}
 13919 | D:10     | Found a staircase to the Orcish Mines.
 13995 | D:10     | Reached ***** piety under Okawaru
 14709 | D:9      | Found a transporter.
 14839 | D:9      | Found a transporter.
 14893 | D:10     | Noticed a soul eater
 15047 | D:10     | Gained mutation: Your magical capacity is low. (-10% MP) [a
                  | neqoxec]
 15056 | D:10     | Mangled by an ice devil

Illustrated notes

Levels and vault maps discovered:
D:1:      giann_bridges, layout_basic
D:2:      layout_loops_cross, uniq_jessica
D:3:      minmay_roachtagon, layout_loops_ring, serial_bayou_pond_a,
          minmay_misc_feat_nine_boxes, minmay_misc_feat_roman
D:4:      layout_loops_cross
D:5:      gammafunk_wand_slinger, layout_cave_pods
D:6:      layout_gridville, serial_shops, shop, minmay_misc_feat_rows,
          kennysheep_small_square, uniq_blork_the_orc
D:7:      layout_basic, minmay_temple_entry_poolview, grunt_ministairs_15,
          minmay_quadrilaterals
D:8:      layout_rooms, kennysheep_mini_moat, due_lair_maze_entry_diamond,
          basic_altar, serial_shops, nicolae_shop_overgrown_old_shop,
          lemuel_flame_loot_1
D:9:      gammafunk_cloud_chamber, layout_loops_ring
D:10:     layout_cave_pools, zombieorc2_lemuel, special_room [special_room_bee],
          serial_park, serial_park_square2, serial_park_square3
          [serial_park_minivault_5x5_7]
D:11:     layout_basic, serial_shops, kennysheep_little_box, dk_noncrumbling_4
D:12:     layout_loops_corners, uniq_urug
Temple:   kilobyte_greek_temple

Skill      XL: |  1  2  3  4  5  6  7  8  9 10 11 |
---------------+----------------------------------+-----
Axes           | 3 4 5 6 8 9 11 | 11.9
Armour         | 1 2 3 5 6 7 8 |  8.2
Fighting       | 3 4 6 7 8 9 |  9.3
Invocations    | 2 5 8 |  8.4
Throwing       | |  1.7
Dodging        | |  2.6

Action                   |  1- 3 |  4- 6 |  7- 9 | 10-12 || total
-------------------------+-------+-------+-------+-------++-------
Melee: War axe           |    89 |   156 |   266 |   285 ||   796
       Kick              |     4 |    35 |    96 |   132 ||   267
       Broad axe         |       |       |       |   110 ||   110
Evoke: Wand              |       |       |     6 |     6 ||    12
  Use: Scroll            |       |       |    10 |     6 ||    16
       Potion            |       |       |       |     3 ||     3
 Stab: Sleeping          |     1 |       |       |       ||     1
       Invisible         |       |       |       |     1 ||     1
       Distracted        |       |       |       |     2 ||     2
Armor: Leather armour    |     4 |       |       |       ||     4
       Ring mail         |    34 |    66 |    59 |       ||   159
       Plate armour      |       |       |    34 |   259 ||   293
Dodge: Dodged            |    58 |   101 |   186 |   203 ||   548

Table legend: (Time is in decaauts)
 A = Elapsed time spent in this place.
 B = Non-inter-level travel time spent in this place.
 C = Inter-level travel time spent in this place.
 D = Time resting spent in this place.
 E = Time spent auto-exploring this place.
 F = Levels seen in this place.
 G = Mean time per level.
                   A        B        C        D        E       F      G
               +--------+--------+--------+--------+--------+-----+--------+
         Total |  15172 |  14675 |    497 |   1764 |  10936 |  13 | 1167.1 |
       Dungeon |  15034 |  14572 |    462 |   1764 |  10841 |  12 | 1252.8 |
        Temple |    138 |    103 |     35 |      0 |     95 |   1 |  138.0 |
               +--------+--------+--------+--------+--------+-----+--------+

Top non-repeatable levels by time:
    D:11: 2582 daAuts
     D:5: 1901 daAuts
     D:7: 1897 daAuts
     D:9: 1471 daAuts
     D:8: 1395 daAuts
     D:2: 1338 daAuts
     D:6: 1116 daAuts
     D:3: 990 daAuts
     D:1: 959 daAuts
     D:4: 916 daAuts
    D:10: 342 daAuts
  Temple: 138 daAuts
    D:12: 121 daAuts
